 Dungeon Crawl Stone Soup version 0.19.5 (webtiles) character file.

114 Lizzreth the Twirler (level 4, -10/26 HPs)
             Began as a Gargoyle Gladiator on Mar 15, 2017.
             Was an Initiate of Okawaru.
             Mangled by an ogre
             ... wielding a +0 giant club
              (13 damage)
             ... on level 4 of the Dungeon.
             The game lasted 00:13:26 (3409 turns).

Lizzreth the Twirler (Gargoyle Gladiator)           Turns: 3409, Time: 00:13:26

Health: -10/26     AC: 11    Str: 20    XL:     4   Next: 97%
Magic:  4/4        EV:  5    Int:  8    God:    Okawaru [......]
Gold:   172        SH: 15    Dex: 10    Spells: 0 memorised, 3 levels left

rFire  . . .     SeeInvis .     i - +0 whip
rCold  + + .     Gourm    .     s - +0 scale mail {rC+}
rNeg   + . .     Faith    .     l - +4 large shield
rPois  ∞         Spirit   .     c - +0 helmet
rElec  +         Reflect  .     (no cloak)
rCorr  .         Harm     .     q - +0 pair of gloves
MR     .....                    (no boots)
Stlth  ..........               (no amulet)
                                (no ring)
                                e - ring of protection from cold

@: no status effects
A: negative energy resistance 1, electricity resistance, unbreathing,
petrification resistance, rot immunity, AC +3
a: Renounce Religion


You were on level 4 of the Dungeon.
You worshipped Okawaru.
Okawaru was noncommittal.
You were not hungry.

You visited 1 branch of the dungeon, and saw 4 of its levels.

You collected 172 gold pieces.

Inventory:

Hand Weapons
 a - a +0 quarterstaff
 i - a +0 whip (weapon)
Missiles
 d - 3 throwing nets (quivered)
Armour
 b - a +0 leather armour
 c - a +0 helmet (worn)
 j - a +0 ring mail
 l - a +4 large shield (worn)
 q - a +0 pair of gloves (worn)
 s - a +0 scale mail of cold resistance (worn)
Jewellery
 e - a ring of protection from cold (left hand)
Scrolls
 k - a scroll of recharging {unknown}
 m - 2 scrolls of identify {unknown}
 n - a scroll of remove curse {unknown}
 t - a scroll of enchant weapon {unknown}
 u - a scroll of immolation {unknown}
 v - a scroll of blinking
Potions
 h - 5 potions of curing {unknown}
 o - a potion of invisibility {unknown}
 p - a potion of haste {unknown}
 r - 2 potions of flight {unknown}
Comestibles
 f - 5 bread rations
 g - 3 meat rations
 w - 4 fruits


   Skills:
 - Level 2.1 Fighting
 * Level 3.4(4.3) Maces & Flails
 - Level 4.0(4.6) Staves
 - Level 1.7 Throwing
 - Level 2.4 Dodging


You had 3 spell levels left.
You didn't know any spells.

Dungeon Overview and Level Annotations

Branches:
Dungeon (4/15)
 Temple: D:4-7

Altars:
Makhleb
Okawaru
Vehumet


Innate Abilities, Weirdness & Mutations

You are resistant to torment.
Your stone body is resilient. (AC +3)
You are immune to poison.
You resist negative energy. (rN+)
You are resistant to electric shocks. (rElec)
You can survive without breathing.
You are immune to petrification.
You are immune to rotting.


Message History

You block the ogre's attack.
You hit the ogre.
The ogre is lightly wounded.
You block the ogre's attack.
You barely miss the ogre.
The ogre is lightly wounded.
The ogre hits you with a giant club!!
Ouch! That really hurt!
* * * LOW HITPOINT WARNING * * *
You are too injured to fight recklessly!
You are too injured to fight recklessly!
You are too injured to fight recklessly!
You are too injured to fight recklessly!
You are too injured to fight recklessly!
Unknown command.
You hit the ogre.
The ogre is lightly wounded.
The ogre hits you with a giant club!
Ouch! That really hurt!
You die...

#.. #.. ##..# #.. #...###..#
........# #### ........#
###...### .......##
###........
...†....######..@O......
...†.<...........###....
............###..# #
...#....##### #..# ...#....#
#.... ..###...# #..... ..#
#...## ############### ..#
#....########...........##
...
#..............†.........###


You could see an ogre.

Vanquished Creatures
  Ijyb (D:3)
  3 adders
  An ooze (D:1)
  A worm (D:3)
  A dart slug (D:2)
  A leopard gecko (D:3)
  2 bats
  4 giant cockroaches
  2 goblins (D:2)
  9 hobgoblins
  4 jackals (D:2)
  4 quokkas
  6 frilled lizards
  5 kobolds
  6 rats
50 creatures vanquished.

Vanquished Creatures (others)
  4 toadstools (D:1)
4 creatures vanquished.

Grand Total: 54 creatures vanquished

Notes
Turn   | Place    | Note
-------+----------+-------------------------------------------
     0 | D:1      | Lizzreth the Gargoyle Gladiator began the quest for the Orb.
     0 | D:1      | Reached XP level 1. HP: 12/12 MP: 1/1
   107 | D:1      | Reached XP level 2. HP: 13/17 MP: 2/2
   141 | D:1      | Reached skill level 4 in Staves
   375 | D:1      | Reached XP level 3. HP: 21/21 MP: 3/3
   681 | D:1      | Reached skill level 1 in Maces & Flails
  1130 | D:2      | Found an iron altar of Okawaru.
  1168 | D:2      | Became a worshipper of Warmaster Okawaru
  1552 | D:2      | Found a burning altar of Makhleb.
  1552 | D:2      | Found a radiant altar of Vehumet.
  2053 | D:3      | Reached XP level 4. HP: 16/26 MP: 4/4
  2113 | D:3      | Noticed Ijyb
  2163 | D:3      | Killed Ijyb
  3403 | D:4      | Noticed an ogre
  3409 | D:4      | Mangled by an ogre

Skill      XL: |  1  2  3  4 |
---------------+-------------+-----
Staves         | 4 |  4.0
Maces & Flails | 2 3 |  3.4
Fighting       | |  2.1
Throwing       | |  1.7
Dodging        | |  2.4

Action                   |  1- 3 |  4- 6 || total
-------------------------+-------+-------++-------
Melee: Quarterstaff      |    40 |       ||    40
       Whip              |   160 |    99 ||   259
  Use: Scroll            |     3 |     1 ||     4
 Stab: Sleeping          |     1 |       ||     1
  Eat: Chunk             |     3 |     3 ||     6
       Bread ration      |       |     1 ||     1
Armor: Leather armour    |    11 |       ||    11
       Ring mail         |    54 |    23 ||    77
       Scale mail        |       |    11 ||    11
Dodge: Dodged            |    47 |    13 ||    60
Block: Large shield      |   118 |    65 ||   183
